Map: Catalyst LE

Players

Serral - Winner!

  • Race: Zerg Zerg
  • League: Grandmaster
  • Spawn Location: 11:00

Majestuoso (MajeStic)

  • Race: Protoss Protoss
  • Spawn Location: 5:00

Event: WESG Barcelona European Finals 2017

VOD

Have the link to the VOD?

Description

Time

  • Played on: Nov. 25, 2017, 6:26 a.m.
  • Length: 8:35

All games in this series

Show
View Real Time Build Order
Export as new Build Order

Serral Zerg - Winner!

Build Orders: Pool First 

Get SALT Encoding   

  12  0:17  Spawning Pool  
  11  0:22  Drone  
  11  0:27  Drone  
  13  0:31  Drone  
  14  0:39  Overlord  
  14  1:03  Zergling x2  
  14  1:04  Zergling x2  
  16  1:05  Zergling x2  
  19  1:15  Zergling x2  
  18  1:19  Hatchery  
  17  1:27  Drone  
  18  1:35  Queen  
  20  1:43  Overlord  
  20  1:47  Drone  
  21  1:58  Drone  
  22  2:14  Drone  
  22  2:19  Queen  
  22  2:23  Drone  
  22  2:27  Extractor  
  21  2:31  Queen, Drone  
  21  2:32  Drone  
  25  2:41  Drone  
  26  2:46  Drone  
  26  2:49  Zergling x2  
  26  2:50  Zergling x2  
  29  2:51  Drone  
  29  2:54  Overlord  
  29  2:55  Drone  
  31  3:03  Drone  
  31  3:04  Drone  
  33  3:09  Queen  
  35  3:15  Drone x2  
  37  3:25  Drone x2  
  37  3:26  Metabolic Boost  
  39  3:32  Zergling x6  
  41  3:43  Drone x3  
  41  3:46  Drone  
  42  3:51  Drone x2  
  42  3:55  Drone  
  43  4:02  Overlord  
  43  4:08  Hatchery  
  42  4:15  Drone  
  43  4:20  Drone x2, Overlord  
  43  4:21  Drone  
  46  4:25  Lair  
  46  4:28  Drone  
  46  4:30  Drone  
  49  4:31  Drone  
  49  4:33  Drone  
  49  4:35  Drone  
  49  4:37  Extractor  
  50  4:39  Drone  
  50  4:41  Drone x2  
  50  4:45  Drone  
  54  4:48  Overlord  
  54  4:51  Drone  
  55  4:52  Extractor  
  54  5:02  Drone x4  
  54  5:05  Overlord  
  58  5:08  Drone x2  
  58  5:11  Overlord  
  58  5:13  Drone  
  61  5:19  Overlord  
  61  5:22  Roach Warren  
  61  5:25  Drone x5  
  65  5:31  Overlord  
  65  5:37  Zergling x2  
  65  5:38  Zergling x8, Overseer  
  70  5:43  Overlord  
  70  5:46  Extractor  
  70  5:47  Drone  
  70  5:48  Drone  
  70  5:58  Drone x4  
  70  6:02  Drone x2, Roach Warren  
  75  6:06  Glial Reconstitution  
  75  6:07  Roach  
  75  6:08  Roach x4  
  85  6:16  Roach x2  
  85  6:17  Roach  
  91  6:27  Burrow, Overlord  
  91  6:29  Roach  
  91  6:30  Roach  
  95  6:32  Hatchery  
  95  6:35  Roach x3  
  95  6:37  Overlord  
  100  6:40  Overlord  
  100  6:42  Roach x2  
  100  6:45  Tunneling Claws  
  104  6:50  Roach x2  
  108  6:57  Roach x5  
  118  7:03  Overlord  
  118  7:04  Roach x2  
  122  7:13  Roach  
  122  7:14  Roach x4  
  126  7:23  Roach x4  
  123  7:34  Roach  
  123  7:35  Roach x3  
  125  7:40  Roach  
  125  7:41  Roach x5  
  125  7:43  Roach x6  
  135  7:50  Roach x19  
  137  7:56  Overlord x2  
  132  8:06  Roach x2  
  132  8:07  Drone x2  
  134  8:16  Roach x5  
  122  8:23  Drone  
  120  8:28  Spire  
Show
View Real Time Build Order
Export as new Build Order

Majestuoso Protoss 

Build Orders: 1 Gate Expand, Colossus Rush 

Get SALT Encoding   

  12  0:00  Probe  
  13  0:12  Probe  
  14  0:18  Pylon  
  14  0:25  Probe (Chrono Boost)  
  15  0:37  Probe (Chrono Boost)  
  15  0:41  Gateway  
  16  0:46  Probe (Chrono Boost)  
  16  0:47  Assimilator  
  17  0:51  Probe (Chrono Boost)  
  18  1:03  Probe (Chrono Boost)  
  20  1:13  Probe (Chrono Boost)  
  20  1:28  Cybernetics Core, Zealot  
  22  1:42  Nexus  
  22  1:48  Pylon  
  22  1:52  Probe  
  23  2:06  Probe, Adept (Chrono Boost)  
  25  2:19  Probe  
  19  2:31  Probe, Assimilator  
  19  2:33  Adept  
  22  2:38  Warp Gate  
  22  2:43  Probe (Chrono Boost)  
  23  2:54  Probe (Chrono Boost)  
  25  3:04  Adept  
  25  3:05  Probe x2 (Chrono Boost)  
  28  3:09  Probe (Chrono Boost)  
  30  3:13  Probe (Chrono Boost)  
  32  3:21  Probe (Chrono Boost)  
  32  3:23  Probe (Chrono Boost)  
  32  3:25  Robotics Facility  
  32  3:28  Probe  
  32  3:31  Probe  
  34  3:40  Probe  
  35  3:43  Probe  
  33  3:55  Probe (Chrono Boost)  
  33  3:59  Probe (Chrono Boost)  
  34  4:03  Gateway  
  34  4:07  Sentry, Probe (Chrono Boost)  
  34  4:08  Probe (Chrono Boost)  
  34  4:09  Probe  
  39  4:14  Pylon  
  39  4:16  Probe  
  40  4:22  Probe  
  41  4:28  Probe  
  41  4:29  Robotics Bay  
  42  4:34  Probe  
  42  4:37  Pylon  
  43  4:40  Assimilator  
  43  4:41  Probe  
  43  4:43  Assimilator  
  44  4:46  Probe  
  45  4:53  Probe  
  45  4:59  Probe (Chrono Boost)  
  47  5:02  Gateway  
  47  5:05  Probe (Chrono Boost), Sentry, Gateway  
  51  5:16  Colossus (Chrono Boost)  
  51  5:17  Probe (Chrono Boost)  
  57  5:28  Pylon  
  57  5:34  Nexus  
  57  5:37  Sentry x2  
  57  5:42  Pylon  
  61  5:45  Pylon  
  61  5:51  Gateway  
  61  5:59  Gateway  
  61  6:03  Colossus (Chrono Boost)  
  67  6:11  Gateway  
  67  6:12  Sentry x2  
  67  6:14  Sentry  
  73  6:18  Gateway  
  73  6:27  Pylon  
  73  6:30  Pylon, Stalker  
  75  6:34  Shield Battery  
  75  6:42  Stalker x2  
  79  6:47  Stalker  
  79  6:52  Warp Prism  
  83  6:56  Sentry  
  83  7:00  Stalker  
  87  7:04  Stalker  
  87  7:06  Stalker  
  87  7:07  Stalker  
  91  7:19  Stalker x3  
  95  7:33  Stalker  
  95  7:34  Stalker x2  
  101  7:41  Observer (Chrono Boost)  
  102  7:49  Stalker x3  
  107  7:56  Observer (Chrono Boost)  
  108  7:58  Stalker  
  108  7:59  Stalker  
  108  8:05  Zealot x2  
  117  8:14  Observer (Chrono Boost)  
  89  8:23  Stalker x4  
Tags
 
Add a new tag
Caveats
  • Supply blocks, unpowered buildings, or Contaminate may cause inaccurate times.
  • Supply counts are checked every 10 seconds.